 Dungeon Crawl Stone Soup version 0.17-a0-2127-g1cb09f6 (webtiles) character file.

88 Ijustatesigmund the Sneak (level 4, -2/27 HPs)
             Began as an Octopode Wizard on Oct 22, 2015.
             Slain by Grinder (3 damage)
             ... on level 3 of the Dungeon.
             The game lasted 00:09:32 (2957 turns).

Ijustatesigmund the Sneak (Octopode Wizard)         Turns: 2957, Time: 00:09:32

Health: -2/27      AC:  2    Str: 11    XL:     4   Next: 54%
Magic:  3/8        EV: 12    Int: 21    God:
Gold:   93         SH:  0    Dex: 10    Spells: 4 memorised, 1 level left

rFire  + . .     SeeInvis +     k - +0 short sword
rCold  + . .     Clarity  .     (no shield)
rNeg   . . .     SustAt   .     s - +1 hat
rPois  +         Gourm    .     (no amulet)
rElec  +         Spirit   .     h - ring of see invisible
rCorr  +         Warding  .     (no ring)
rMut   .         Stasis   .     (no ring)
MR     .....                    (no ring)
Stlth  ++++......               (no ring)
                                (no ring)
                                (no ring)
                                (no ring)

@: mighty, resistant, very slightly contaminated, repel missiles, not resistant
to hostile enchantments, stealthy
A: almost no armour, amphibious, 8 rings, constrict 8, camouflage 1, gelatinous
body 1
a: no special abilities


You were on level 3 of the Dungeon.
You were not hungry.

You visited 1 branch of the dungeon, and saw 3 of its levels.

You collected 93 gold pieces.

Inventory:

Hand Weapons
 i - a +0 dagger
 k - a +0 short sword (weapon)
Armour
 s - a +1 hat (worn)
Jewellery
 h - a ring of see invisible (left tentacle)
 m - an uncursed ring of teleportation
Scrolls
 n - 3 scrolls of teleportation
 q - a scroll of remove curse
Potions
 d - a potion of might
 f - 2 potions of curing
 j - a potion of cancellation
Books
 b - a book of Minor Magic

   Spells                             Type                      Level
   a - Magic Dart                     Conjuration                  1
   b - Blink                          Translocation                2
   c - Call Imp                       Summoning                    2
   d - Repel Missiles                 Charms/Air                   2
   e - Slow                           Hexes                        2
   f - Conjure Flame                  Conjuration/Fire             3
   g - Mephitic Cloud                 Conjuration/Poison/Air       3
Comestibles
 c - 3 bread rations
 g - 2 meat rations
 r - a beef jerky


   Skills:
 + Level 0.2 Short Blades
 - Level 2.0 Dodging
 + Level 4.2 Stealth
 - Level 3.0 Spellcasting
 + Level 2.7 Conjurations
   Level 1.0 Summonings
 - Level 1.0 Translocations
 + Level 1.2 Air Magic
 + Level 1.3 Poison Magic


You had one spell level left.
You knew the following spells:

 Your Spells              Type           Power        Failure   Level  Hunger
a - Magic Dart            Conj           ##..         6%          1    None
b - Blink                 Tloc           N/A          14%         2    ##.....
c - Repel Missiles        Chrm/Air       #.....       17%         2    ##.....
d - Mephitic Cloud        Conj/Pois/Air  ##......     21%         3    ###....


Dungeon Overview and Level Annotations

Branches:
Dungeon (3/15)

Altars:

Annotations:
D:3 Grinder


Innate Abilities, Weirdness & Mutations

You cannot wear most types of armour.
You are amphibious.
You can wear up to eight rings at the same time.
You can use your tentacles to constrict eight enemies at once.
Your skin changes colour to match your surroundings (Stealth).
Your rubbery body absorbs attacks (AC +1).


Message History

You closely miss Grinder. Your grab misses Grinder. Grinder hits you!
You puncture Grinder! You grab Grinder.
Grinder is moderately wounded.
You constrict Grinder, but do no damage.
Grinder says, "Just stop there for a second..."
Grinder hits you.
You writhe in agony.
You puncture Grinder!
Grinder is moderately wounded.
You constrict Grinder. Grinder barely misses you.
You puncture Grinder! You squeeze Grinder.
Grinder is severely wounded.
You constrict Grinder. Grinder gestures at you. Pain shoots through your body!
* * * LOW HITPOINT WARNING * * *
You puncture Grinder!
Grinder is almost dead.
You constrict Grinder, but do no damage.
Grinder hits you.
You die...

.# #.# .* *******
#.##### ,**
*,,,,,* #....§#
,,***,,,,,*
#####§#
,,,,,,,,,,* #§#
,,***,,,,,* #§#
,,* *,,,,,* ###§#
,,* ******* #..§#
,,* #@### *** #5#
##*** #§#
#...###.# ******
#.......#
,,,,,****#..5#####
****,,,,...,**
*****#**** **


You could see Grinder.

Vanquished Creatures
  A giant frog skeleton (D:3)
  An adder (D:2)
  2 worms
  5 orcs
  3 giant cockroaches
  5 hobgoblins
  A ball python (D:2)
  6 bats
  A giant gecko (D:1)
  2 giant newts
  4 goblins
  2 kobolds (D:1)
  7 rats
40 creatures vanquished.

Notes
Turn   | Place    | Note
--------------------------------------------------------------
     0 | D:1      | Ijustatesigmund the Octopode Wizard began the quest for the Orb.
     0 | D:1      | Reached XP level 1. HP: 11/11 MP: 4/4
   288 | D:1      | Reached XP level 2. HP: 17/17 MP: 3/6
   292 | D:1      | Learned a level 2 spell: Blink
   295 | D:1      | Learned a level 2 spell: Repel Missiles
  1660 | D:2      | Reached XP level 3. HP: 18/21 MP: 5/7
  1681 | D:2      | Learned a level 3 spell: Mephitic Cloud
  2402 | D:3      | Reached skill level 4 in Stealth
  2402 | D:3      | Reached skill level 1 in Air Magic
  2402 | D:3      | Reached skill level 1 in Poison Magic
  2402 | D:3      | Reached XP level 4. HP: 16/27 MP: 3/8
  2942 | D:3      | Noticed Grinder
  2956 | D:3      | HP: 1/27 [Grinder/nerve-wracking pain (10)]
  2957 | D:3      | Slain by Grinder

Vault maps used:
D:1:      dpeg_arrival_castle
D:3:      nicolae_tso_carved_into_rock, led_xom_imps, minivault_14, uniq_grinder

Action                   |  1- 3 |  4- 6 || total
-------------------------+-------+-------++-------
Melee: Short sword       |    26 |    12 ||    38
 Cast: Magic Dart        |    63 |    27 ||    90
       Blink             |     1 |       ||     1
       Repel Missiles    |     1 |       ||     1
       Mephitic Cloud    |       |     1 ||     1
  Use: Scroll            |     8 |     2 ||    10
       Potion            |       |     2 ||     2
 Stab: Sleeping          |     1 |       ||     1
  Eat: Chunk             |     4 |     2 ||     6
